 Dungeon Crawl Stone Soup version 0.24.1-4-ge52af88ad5 (webtiles) character file.

Game seed: 6570998188095803959, levelgen mode: deterministic

161 H0rd4k the Charlatan (level 5, -3/38 HPs)
             Began as a Human Artificer on Apr 15, 2020.
             Slain by an orc
             ... wielding a +2 hand axe of electrocution
              (19 damage)
             ... on level 3 of the Dungeon.
             The game lasted 00:04:23 (3468 turns).

H0rd4k the Charlatan (Human Artificer)              Turns: 3468, Time: 00:04:24

Health: -3/38      AC:  3    Str: 13    XL:     5   Next: 70%
Magic:  7/7        EV: 12    Int: 11    God:
Gold:   127        SH:  0    Dex: 14    Spells: 4/4 levels left

rFire    . . .     SeeInvis .   a - +0 short sword
rCold    . . .     Gourm    .   (no shield)
rNeg     . . .     Faith    .   b - +0 leather armour
rPois    .         Spirit   .   (no helmet)
rElec    .         Reflect  .   (no cloak)
rCorr    .         Harm     .   (no gloves)
MR       .....                  (no boots)
Stlth    ++........             (no amulet)
HPRegen  0.12/turn              (no ring)
MPRegen  0.10/turn              (no ring)

@: no status effects
A: no striking features
a: no special abilities


You were on level 3 of the Dungeon.
You were not hungry.

You visited 1 branch of the dungeon, and saw 4 of its levels.

You collected 127 gold pieces.

Inventory:

Hand Weapons
 a - a +0 short sword (weapon)
Armour
 b - a +0 leather armour (worn)
Wands
 d - a wand of enslavement (9)
 e - a wand of random effects (11)
Scrolls
 g - a scroll of fog {unknown}
 j - 3 scrolls of fear {unknown}
 k - 4 scrolls of remove curse {unknown}
 n - a scroll of enchant weapon {unknown}
 p - a scroll of random uselessness {unknown}
 q - a scroll of teleportation {unknown}
 r - a scroll of identify {unknown}
 u - 2 scrolls of enchant armour {unknown}
 v - 2 scrolls of blinking {unknown}
Potions
 h - a potion of brilliance {unknown}
 i - 2 potions of ambrosia {unknown}
 l - 2 potions of degeneration {unknown}
 m - 3 potions of agility {unknown}
 o - 4 potions of curing {unknown}
 s - a potion of lignification {unknown}
 t - a potion of heal wounds {unknown}
 w - a potion of berserk rage {unknown}
 x - a potion of haste {unknown}
Comestibles
 c - 4 chunks of flesh
 f - 5 rations


   Skills:
 + Level 1.8 Fighting
 + Level 2.3 Short Blades
 + Level 1.9 Armour
 + Level 2.8 Dodging
 + Level 1.8 Stealth
 + Level 3.8 Evocations


You had 4 spell levels left.
You didn't know any spells.
Your spell library was empty.

Dungeon Overview and Level Annotations

Branches:
Dungeon (4/15)
 Temple: D:4-7

Altars:
Trog


Message History

What are your orders? t - Shout!
Orders for allies: a - Attack new target. p - Attack previous target. r - Retreat! s - Stop attacking. g - Guard the area. f - Follow me.
Anything else - Cancel.
Guard this area!
Your adder bites the orc.
The orc is poisoned.
Your adder poisons the orc!
The orc barely misses your adder.
Your adder bites the orc.
The orc misses your adder.
Your adder bites the orc.
The orc dies!
There is a stone staircase leading down here.
You climb downwards.
The ooze barely misses you. The orc barely misses you.
The ooze closely misses you.
There is a stone staircase leading up here.
The ooze closely misses you. The orc hits you with a +0 hand axe.
There is a stone staircase leading up here.
The orc hits you but does no damage.
You are electrocuted!!
Ouch! That really hurt!
You die...

#.#..#.............#
.....#.#.##.######.#
#.#..#.#.##.######.#
..#..#.#...........### #########
...............#.....####...##...
#.####......................##...
............................##...
.....#...........................
..............Jo@.......(........
............#..o.....)..###......
.............o##.#......# #......
........##....##........# #......
........##.....#.##.....###......
...#...........####..[...........
..................#...........#..
.......<......))..............#.#
###...........#...#...........#..


You could see an ooze and 3 orcs.

Vanquished Creatures
  Jessica (D:2)
  A worker ant (D:3)
  4 adders
  An ooze (D:1)
  2 dart slugs
  2 leopard geckos
  5 orcs (D:3)
  A giant cockroach (D:3)
  3 hobgoblins
  4 jackals (D:1)
  A quokka (D:3)
  4 bats
  4 frilled lizards
  6 goblins
  6 kobolds
  5 rats
50 creatures vanquished.

Vanquished Creatures (collateral kills)
  A worm (D:3)
  6 orcs
  A goblin (D:3)
  2 hobgoblins (D:3)
  2 bats (D:3)
12 creatures vanquished.

Grand Total: 62 creatures vanquished

Notes
Turn   | Place    | Note
-------+----------+-------------------------------------------
     0 | D:1      | H0rd4k the Human Artificer began the quest for the Orb.
     0 | D:1      | Reached XP level 1. HP: 15/15 MP: 3/3
     2 | D:1      | Noticed a centaur
     2 | D:1      | Noticed a merfolk
     4 | D:1      | Noticed a minotaur
     6 | D:1      | Noticed a halfling
     6 | D:1      | Noticed a draconian
     8 | D:1      | Noticed a gargoyle
     8 | D:1      | Noticed a vine stalker
    10 | D:1      | Noticed an elf
    10 | D:1      | Noticed a human
    12 | D:1      | Noticed a ghoul
    12 | D:1      | Noticed a naga
    14 | D:1      | Noticed a demonspawn
    14 | D:1      | Noticed a felid
    16 | D:1      | Noticed a dwarf
    18 | D:1      | Noticed a spriggan
    18 | D:1      | Noticed a formicid
    20 | D:1      | Noticed a demigod
    22 | D:1      | Noticed a troll
    24 | D:1      | Noticed a vampire
    24 | D:1      | Noticed an ogre
    26 | D:1      | Noticed an octopode
    26 | D:1      | Noticed a tengu
   123 | D:1      | Reached XP level 2. HP: 15/21 MP: 4/4
   581 | D:1      | Reached XP level 3. HP: 17/26 MP: 5/5
   853 | D:2      | Found a bloodstained altar of Trog.
   921 | D:2      | You fall into a shaft and drop 1 floor!
  1034 | D:3      | Reached skill level 1 in Armour
  1034 | D:3      | Reached XP level 4. HP: 11/32 MP: 6/6
  2525 | D:2      | Noticed Jessica
  2537 | D:2      | Killed Jessica
  2537 | D:2      | Reached XP level 5. HP: 25/37 MP: 7/7
  3468 | D:3      | Slain by an orc

Levels and vault maps discovered:
D:1:      kb_arrival_jail, layout_loops_ring, grunt_decor_arrowhead,
          nrook_loot_triangle
D:2:      layout_loops_corners, lemuel_round_altar, serial_glass,
          glass_columns_b, glass_columns_a, glass_columns_a, glass_columns_a,
          glass_columns_a, glass_columns_a, glass_columns_b, glass_columns_c,
          uniq_jessica
D:3:      layout_basic
D:4:      layout_rooms, zin_academy, serial_shops,
          nicolae_shop_temple_entry_statues_fountains

Skill      XL: |  1  2  3  4 |
---------------+-------------+-----
Armour         | 1 |  1.9
Short Blades   | 2 |  2.3
Fighting       | |  1.8
Dodging        | |  2.8
Stealth        | |  1.8
Evocations     | |  3.8

Action                   |  1- 3 |  4- 6 || total
-------------------------+-------+-------++-------
Melee: Short sword       |   113 |   128 ||   241
Evoke: Wand              |     9 |    16 ||    25
 Stab: Sleeping          |     3 |     3 ||     6
       Confused          |       |     2 ||     2
  Eat: Chunk             |     1 |     7 ||     8
Armor: Leather armour    |    30 |    34 ||    64
Dodge: Dodged            |    77 |   111 ||   188
